 Dungeon Crawl Stone Soup version 0.18.1-5-g4a78601 (webtiles) character file.

17362 Hubbles the Basher (level 12, -5/77 HPs)
             Began as a Gargoyle Earth Elementalist on May 12, 2016.
             Was the Champion of Cheibriados.
             Slain by Maud
             ... wielding a +1 glaive of freezing
              (33 damage)
             ... on level 4 of the Lair of Beasts.
             The game lasted 00:34:54 (13620 turns).

Hubbles the Basher (Gargoyle Earth Elementalist)   Turns: 13620, Time: 00:34:55

Health: -5/77      AC: 20    Str: 33    XL:     12   Next: 47%
Magic:  20/20      EV: 17    Int: 34    God:    Cheibriados [******]
Gold:   554        SH:  0    Dex: 25    Spells: 2 memorised, 17 levels left

rFire  + . .     SeeInvis .     a - +5 whip (venom)
rCold  + . .     Gourm    .     r - +2 robe {rC+}
rNeg   + . .     Faith    .     (no shield)
rPois  ∞         Spirit   .     y - +0 helmet
rElec  +         Dismiss  .     g - +2 cloak {+Inv}
rCorr  .         Reflect  .     s - +2 pair of gloves
SustAt .         Harm     .     (no boots)
MR     .....                    (no amulet)
Stlth  +++.......               v - ring of protection from fire
                                C - +4 ring of strength

@: very slow, not resistant to hostile enchantments, fairly stealthy
A: repulsion field 1, negative energy resistance 1, electricity resistance, wild
magic 1, unbreathing, petrification resistance, rot immunity, AC +8
a: Bend Time, Temporal Distortion, Slouch, Step From Time, Renounce Religion,
Evoke Invisibility


You were on level 4 of the Lair of Beasts.
You worshipped Cheibriados.
Cheibriados was exalted by your worship.
You were not hungry.

You visited 2 branches of the dungeon, and saw 14 of its levels.

You collected 713 gold pieces.
You spent 159 gold pieces at shops.

Inventory:

Hand Weapons
 a - a +5 whip of venom (weapon)
 b - a +4 flail of electrocution
 t - a +0 morningstar
Missiles
 h - 13 tomahawks (quivered)
 k - 267 stones
Armour
 g - a +2 cloak of invisibility (worn)
 r - a +2 robe of cold resistance (worn)
 s - a +2 pair of gloves (worn)
 y - a +0 helmet (worn)
Jewellery
 j - an uncursed ring of resist corrosion
 v - a ring of protection from fire (right hand)
 C - a +4 ring of strength (left hand)
Wands
 f - a wand of flame (26/48)
 o - a wand of confusion (37/48)
 p - a wand of paralysis (14/24)
Scrolls
 e - 2 scrolls of identify
 n - 2 scrolls of brand weapon
 q - 3 scrolls of teleportation
 w - a scroll of recharging
 x - 5 scrolls of remove curse
Potions
 i - a potion of cure mutation
 l - 2 potions of brilliance
 m - a potion of heal wounds
 z - a potion of curing
 A - a potion of might
 D - a potion of lignification
Books
 c - a book of Geomancy

   Spells                             Type                      Level
   a - Sandblast                      Earth                        1
   b - Passwall                       Transmutation/Earth          2
   c - Stone Arrow                    Conjuration/Earth            3
   d - Petrify                        Transmutation/Earth          4
   e - Lee's Rapid Deconstruction     Earth                        5
Comestibles
 d - 13 bread rations
 u - 9 slices of pizza
 B - 5 chunks of flesh


   Skills:
 + Level 10.2 Fighting
 * Level 12.5 Maces & Flails
 - Level 4.3 Armour
 + Level 7.8 Dodging
 - Level 2.1 Stealth
 + Level 5.4 Spellcasting
 - Level 4.5 Conjurations
   Level 0.7 Transmutations
 - Level 4.4 Earth Magic
 - Level 0.6 Evocations


You had 17 spell levels left.
You knew the following spells:

 Your Spells              Type           Power        Failure   Level  Hunger
a - Sandblast             Erth           ######       1%          1    None
b - Stone Arrow           Conj/Erth      ######       3%          3    None


Dungeon Overview and Level Annotations

Branches:
Dungeon (10/15)            Temple (0/1) D:5            Lair (4/8) D:10
    Orc (0/2) D:10
  Swamp: Lair:3-6    Shoals: Lair:3-6     Snake: Lair:3-6    Spider: Lair:3-6

Altars:
Ashenzari
Cheibriados
Dithmenos
Elyvilon
Fedhas
Kikubaaqudgha
Makhleb
Nemelex Xobeh
Qazlal
Ru
Sif Muna
Vehumet
Zin
The Shining One

Shops:
D:4 !?   D:7 %

Annotations:
Lair:4 Maud


Innate Abilities, Weirdness & Mutations

You are resistant to torment.
Your stone body is resilient (AC +8).
You are immune to poison.
You resist negative energy.
You are resistant to electric shocks.
You can survive without breathing.
You are immune to petrification.
You are immune to rotting.
You are surrounded by a mild repulsion field (EV +2).
Your spells are a little harder to cast, but a little more powerful.


Message History

You hit Maud.
Maud looks even sicker.
Maud is lightly wounded.
Maud hits you but does no damage.
You closely miss Maud.
Maud is lightly wounded.
You hit Maud but do no damage.
Maud is lightly wounded.
Maud drinks a potion.
Maud goes berserk!
You closely miss Maud.
Maud is lightly wounded.
You completely miss Maud.
Maud is lightly wounded.
Maud hits you but does no damage.
You hit Maud but do no damage.
Maud is lightly wounded.
Maud hits you with a glaive of freezing!!!
Ouch! That really hurt!
Maud freezes you!
Maud hits you with a glaive of freezing!!
You die...

## ### ###P#
###.# ......
#...##.....#
#....#......
#..@.......t
#...@......#
##.....<....
#..........
#.........<
##...P.....
.........#
.........##
.........#
......%..##


You could see Maud (berserk) and a crocodile.

Vanquished Creatures
  Fannar (D:10)
  A cyclops (D:10)
  An ugly thing (D:8)
  3 black mambas (Lair:1)
  6 spiny frogs
  A torpor snail (Lair:3)
  2 rime drakes
  2 komodo dragons
  Grinder (D:3)
  Prince Ribbit (D:7)
  5 blink frogs (Lair:3)
  A wyvern (D:8)
  A human (D:7)
  15 yaks
  A hungry ghost (D:7)
  2 steam dragons (D:10)
  2 hippogriffs
  A basilisk (Lair:2)
  Edmund (D:5)
  A soldier ant (D:10)
  6 water moccasins
  6 orc warriors
  7 porcupines
  2 ice beasts
  4 sky beasts
  A necrophage (D:8)
  3 ogres
  2 phantoms
  7 centaurs
  3 crocodiles
  2 big kobolds (D:9)
  6 giant frogs
  3 crimson imps
  2 centaur zombies (D:10)
  2 hounds
  A quasit (D:9)
  3 giant frog zombies (D:10)
  6 jellies
  Crazy Yiuf (D:3)
  9 orc priests
  A giant frog skeleton (D:7)
  Jessica (D:3)
  5 iguanas
  11 orc wizards
  4 worker ants
  9 hell rats (Lair:1)
  2 killer bee zombies
  11 sheep
  A hound skeleton (D:9)
  2 worker ant zombies
  14 adders
  11 gnolls
  49 river rats
  2 shadow imps (D:9)
  2 adder zombies
  A worm (D:5)
  5 giant geckos
  41 orcs
  2 ball pythons
  5 giant cockroaches
  7 goblins
  3 hobgoblins
  16 jackals
  4 quokkas
  16 bats
  6 giant newts
  A jackal skeleton (D:8)
  23 kobolds
  A quokka skeleton (D:4)
  31 rats
412 creatures vanquished.

Vanquished Creatures (others)
  3 fungi
3 creatures vanquished.

Grand Total: 415 creatures vanquished

Notes
Turn   | Place    | Note
--------------------------------------------------------------
     0 | D:1      | Hubbles the Gargoyle Earth Elementalist began the quest for the Orb.
     0 | D:1      | Reached XP level 1. HP: 10/10 MP: 3/3
   338 | D:1      | Reached skill level 1 in Fighting
   571 | D:1      | Reached skill level 1 in Armour
   571 | D:1      | Reached XP level 2. HP: 16/16 MP: 3/5
  1010 | D:1      | Reached XP level 3. HP: 14/21 MP: 1/6
  1142 | D:1      | Learned a level 3 spell: Stone Arrow
  1405 | D:2      | Found a shadowy altar of Dithmenos.
  1405 | D:2      | Found a snail-covered altar of Cheibriados.
  1528 | D:2      | HP: 1/21 [gnoll (6)]
  1728 | D:2      | Became a worshipper of Cheibriados the Contemplative
  1762 | D:2      | Reached skill level 1 in Maces & Flails
  1770 | D:2      | Reached XP level 4. HP: 13/26 MP: 2/7
  1818 | D:2      | Found a stormy altar of Qazlal.
  2213 | D:3      | Noticed a sky beast
  2239 | D:3      | Reached skill level 1 in Conjurations
  2282 | D:3      | Reached XP level 5. HP: 31/31 MP: 8/8
  2285 | D:3      | Found a blossoming altar of Fedhas.
  2307 | D:2      | Reached * piety under Cheibriados
  2326 | D:3      | Noticed Jessica
  2334 | D:3      | Killed Jessica
  2334 | D:3      | Reached skill level 2 in Maces & Flails
  2407 | D:3      | Killed a sky beast
  2407 | D:3      | Reached XP level 6. HP: 29/36 MP: 9/9
  2505 | D:3      | Gained mutation: Scrolls take you a little longer to read. [potion of mutation]
  2505 | D:3      | Gained mutation: You have a pair of small horns on your head. [potion of mutation]
  2505 | D:3      | Gained mutation: Your spells are a little harder to cast, but a little more powerful. [potion of mutation]
  2575 | D:3      | Lost mutation: Scrolls take you a little longer to read. [potion of cure mutation]
  2575 | D:3      | Lost mutation: You have a pair of small horns on your head. [potion of cure mutation]
  2831 | D:3      | Noticed Grinder
  2853 | D:3      | Paralysed by Grinder for 2 turns
  2854 | D:3      | Killed Grinder
  2854 | D:3      | Reached skill level 3 in Maces & Flails
  2854 | D:3      | Reached XP level 7. HP: 28/41 MP: 10/10
  2882 | D:3      | Noticed Crazy Yiuf
  2886 | D:3      | Killed Crazy Yiuf
  2944 | D:4      | Found a sparkling altar of Nemelex Xobeh.
  3007 | D:4      | Found a white marble altar of Elyvilon.
  3021 | D:4      | Reached ** piety under Cheibriados
  3342 | D:4      | Reached skill level 4 in Maces & Flails
  3644 | D:4      | Found Jeujakop's Magic Scroll Shoppe.
  3742 | D:4      | Bought a scroll of enchant weapon for 82 gold pieces
  3742 | D:4      | Bought a scroll of identify for 22 gold pieces
  3742 | D:4      | Bought a scroll of identify for 22 gold pieces
  3817 | D:4      | Bought a scroll of remove curse for 33 gold pieces
  3922 | D:4      | Found an ancient bone altar of Kikubaaqudgha.
  3936 | D:4      | Reached XP level 8. HP: 48/48 MP: 5/11
  3938 | D:4      | Found Xeerit's Distillery.
  4132 | D:4      | Found a shattered altar of Ashenzari.
  4250 | D:4      | Reached skill level 5 in Maces & Flails
  4292 | D:5      | Entered Level 5 of the Dungeon
  4440 | D:5      | Found a staircase to the Ecumenical Temple.
  4462 | D:5      | Reached *** piety under Cheibriados
  4642 | D:5      | Noticed Edmund
  4657 | D:5      | Killed Edmund
  4807 | D:5      | HP: 2/48 [killer bee zombie (2)]
  4808 | D:5      | Found a glowing silver altar of Zin.
  5140 | D:5      | Reached skill level 5 in Fighting
  5611 | D:6      | Reached **** piety under Cheibriados
  5616 | D:6      | Reached skill level 6 in Maces & Flails
  6208 | D:7      | Noticed Prince Ribbit
  6220 | D:7      | Killed Prince Ribbit
  6220 | D:7      | Reached XP level 9. HP: 47/54 MP: 12/12
  6262 | D:7      | Found a burning altar of Makhleb.
  6306 | D:7      | Gained mutation: You are surrounded by a mild repulsion field (EV +2). [mutagenic meat]
  6313 | D:7      | Reached skill level 7 in Maces & Flails
  6733 | D:8      | Reached skill level 5 in Dodging
  6797 | D:8      | Reached ***** piety under Cheibriados
  6977 | D:8      | Found a sacrificial altar of Ru.
  6987 | D:8      | Reached skill level 8 in Maces & Flails
  7234 | D:8      | Reached XP level 10. HP: 61/61 MP: 13/13
  7322 | D:8      | Noticed a cyan ugly thing
  7337 | D:8      | Killed a cyan ugly thing
  7337 | D:8      | Reached skill level 9 in Maces & Flails
  7807 | D:7      | Found a glowing golden altar of the Shining One.
  7809 | D:7      | Found a radiant altar of Vehumet.
  7850 | D:7      | Found Lyacyin's Food Boutique.
  8314 | D:9      | Reached ****** piety under Cheibriados
  8768 | D:10     | Entered Level 10 of the Dungeon
  8774 | D:10     | Reached skill level 10 in Maces & Flails
  9008 | D:10     | Noticed Fannar
  9047 | D:10     | Killed Fannar
  9047 | D:10     | Reached XP level 11. HP: 54/69 MP: 14/14
  9111 | D:10     | Found a staircase to the Orcish Mines.
  9313 | D:10     | Found a staircase to the Lair.
  9345 | D:10     | Noticed a cyclops
  9364 | D:10     | Killed a cyclops
  9850 | Lair:1   | Entered Level 1 of the Lair of Beasts
  9907 | Lair:1   | Reached skill level 11 in Maces & Flails
 11659 | Lair:2   | Found a deep blue altar of Sif Muna.
 11841 | Lair:2   | Reached XP level 12. HP: 69/77 MP: 18/18
 12001 | Lair:2   | Reached skill level 12 in Maces & Flails
 12669 | Lair:3   | Reached skill level 10 in Fighting
 12669 | Lair:3   | Reached skill level 5 in Spellcasting
 13472 | Lair:4   | Noticed Maud
 13620 | Lair:4   | Slain by Maud

Skill      XL: |  1  2  3  4  5  6  7  8  9 10 11 12 |
---------------+-------------------------------------+-----
Fighting       | 1 2 3 4 5 6 8 9 10 | 10.2
Armour         | 1 2 4 |  4.3
Maces & Flails | 1 2 3 4 6 8 10 11 12 | 12.5
Conjurations   | 1 2 3 4 |  4.5
Dodging        | 2 3 4 5 6 7 |  7.8
Earth Magic    | 4 |  4.4
Spellcasting   | 4 5 |  5.4
Stealth        | |  2.1
Transmutations | |  0.7
Evocations     | |  0.6

Action                   |  1- 3 |  4- 6 |  7- 9 | 10-12 || total
-------------------------+-------+-------+-------+-------++-------
Melee: Unarmed           |    79 |       |       |       ||    79
       Dagger            |    27 |   135 |     9 |       ||   171
       Whip              |       |       |   366 |   408 ||   774
       Flail             |       |       |       |   414 ||   414
Throw: Stone             |     6 |       |       |       ||     6
       Tomahawk          |       |       |     1 |     2 ||     3
 Cast: Sandblast         |    38 |     7 |    21 |     8 ||    74
       Stone Arrow       |       |       |     8 |    10 ||    18
  Use: Scroll            |     2 |     4 |    14 |     8 ||    28
       Potion            |     1 |     5 |     3 |     4 ||    13
 Stab: Sleeping          |     2 |     3 |     7 |    14 ||    26
       Distracted        |       |       |     1 |     1 ||     2
  Eat: Chunk             |     2 |       |     2 |     5 ||     9
       Meat ration       |     1 |       |     1 |       ||     2
       Bread ration      |       |       |     1 |       ||     1
       Royal jelly       |       |       |       |     1 ||     1
       Beef jerky        |       |       |       |     3 ||     3
       Pizza             |       |       |       |     1 ||     1
Armor: Robe              |    52 |    62 |    27 |   110 ||   251
       Leather armour    |       |       |   107 |    84 ||   191
Dodge: Dodged            |    91 |    93 |   243 |   668 ||  1095
